 Dungeon Crawl Stone Soup version 0.25.1-1-g288607f5aa (webtiles) character file.

Game seed: 1470241163618013156

381 lepoulpe303 the Sneak (level 6, -1/28 HPs)
             Began as a Spriggan Enchanter on July 23, 2020.
             Slain by a bullfrog zombie (7 damage)
             ... on level 5 of the Dungeon.
             The game lasted 00:13:46 (3978 turns).

lepoulpe303 the Sneak (Spriggan Enchanter)          Turns: 3978, Time: 00:13:47

Health: -1/28      AC:  2    Str:  4    XL:     6   Next: 46%
Magic:  15/15      EV: 18    Int: 18    God:
Gold:   173        SH:  0    Dex: 17    Spells: 4/16 levels left

rFire    . . .     SeeInvis +   b - +0 rapier
rCold    . . .     Gourm    .   (shield restricted)
rNeg     . . .     Faith    .   q - +0 robe
rPois    .         Spirit   .   (helmet restricted)
rElec    .         Reflect  .   (no cloak)
rCorr    .         Harm     .   (gloves unavailable)
MR       +....                  (boots unavailable)
Stlth    +++.......             Q - amulet of the acrobat
HPRegen  0.09/turn              (no ring)
MPRegen  0.14/turn              (no ring)

@: very quick
A: very small, unfitting armour, see invisible, herbivore, speed 3, slow
metabolism 2
a: no special abilities


You were on level 5 of the Dungeon.
You were not hungry.

You visited 1 branch of the dungeon, and saw 5 of its levels.

You collected 173 gold pieces.

Inventory:

Hand Weapons
 a - a +1 dagger of freezing
 b - a +0 rapier (weapon)
Missiles
 g - 2 poisoned darts (quivered)
 r - a throwing net {=f}
Armour
 q - a +0 robe (worn)
Jewellery
 Q - an amulet of the acrobat (around neck)
Wands
 m - a wand of flame (14)
 s - a wand of acid (8)
Scrolls
 c - a scroll of blinking {unknown}
 i - a scroll of identify
 k - a scroll of random uselessness {unknown}
 o - a scroll of teleportation {unknown}
 t - a scroll of enchant armour {unknown}
 v - 2 scrolls of remove curse {unknown}
 w - a scroll of amnesia {unknown}
Potions
 d - a potion of might
 f - 3 potions of degeneration {unknown}
 h - a potion of haste {unknown}
 j - 2 potions of mutation {unknown}
 l - a potion of resistance {unknown}
 n - a potion of curing {unknown}
 p - a potion of brilliance {unknown}
 u - a potion of heal wounds {unknown}
Comestibles
 e - 3 rations


   Skills:
 + Level 0.0 Fighting
 + Level 1.1 Short Blades
 + Level 3.0 Dodging
 + Level 6.3 Stealth
 * Level 5.7 Spellcasting
 * Level 6.2 Hexes


You had 4 spell levels left.
You knew the following spells:

 Your Spells              Type           Power        Failure   Level  Hunger
a - Ensorcelled Hibernat  Hex/Ice        ###...       5%          2    None
b - Tukima's Dance        Hex            ####....     2%          3    ##.....
c - Confusing Touch       Hex            ####....     2%          3    ##.....
d - Dazzling Flash        Conj/Hex       ###...       11%         3    ##.....
v - Corona                Hex            ####...      1%          1    None

Your spell library contained the following spells:

 Spells                   Type           Power        Failure   Level  Hunger


Dungeon Overview and Level Annotations

Branches:
Dungeon (5/15)
 Temple: D:4-7

Altars:
Hepliaklqana
Nemelex Xobeh
Ru
Trog
Uskayaw
Vehumet
Xom


Innate Abilities, Weirdness & Mutations

You are very small and have problems with some larger weapons.
You are too small for most types of armour.
You have supernaturally acute eyesight. (SInv)
You are a herbivore.
You cover ground extremely quickly.
You need to consume almost no food.


Message History

You hit the bullfrog zombie. The bullfrog zombie barely misses you.
The bullfrog zombie misses you.
You hit the bullfrog zombie. The bullfrog zombie closely misses you.
You hit the bullfrog zombie. The bullfrog zombie misses you.
The bullfrog zombie barely misses you.
You hit the bullfrog zombie. The bullfrog zombie closely misses you.
The bullfrog zombie misses you.
You hit the bullfrog zombie. The bullfrog zombie hits you. x3
* * * LOW HITPOINT WARNING * * *
You take 12 damage, and have 16/28 hp.
MASSIVE DAMAGE!!
There is a stone staircase leading up here.
You barely miss the bullfrog zombie. The bullfrog zombie hits you.
* * * LOW HITPOINT WARNING * * *
The bullfrog zombie hits you.
* * * LOW HITPOINT WARNING * * *
You take 10 damage, and have 6/28 hp.
MASSIVE DAMAGE!!
The bullfrog zombie hits you!
You die...

#............#
##............#
#.............#
..#..........##
#
##.#........##
####..##....#
#..##....#
##..Z....#
##.Z@...#
#......#
#.....##
#....## .....#
#######


You could see 2 bullfrog zombies.

Levels and vault maps discovered:
D:1:      minmay_arrival_arboretum_small, layout_loops_cross,
          serial_co_window_serial, co_window_of_opportunity_a,
          co_window_paths_a, co_window_cross_1, co_window_of_opportunity_a,
          co_window_corner_a, co_window_broadway_b, co_window_of_opportunity_c,
          co_window_corner_ca, co_window_unsneaky_path_b, co_window_paths_c,
          glass_columns_a, glass_columns_b, glass_columns_c, glass_columns_a,
          chequers_decorated_corner
D:2:      layout_loops_ring
D:3:      layout_rooms, doesnt_xom_only_xom
D:4:      layout_layer_cave, nicolae_overflow_hidden_temple,
          minmay_misc_feat_pillars, uniq_sigmund
D:5:      layout_cave_pods, kiku_gazebo_garden_becter,
          minmay_temple_entry_wispy, first_ration, basic_altar, st_stairs_3,
          lemuel_tele_altar

Notes
Turn   | Place    | Note
-------+----------+-------------------------------------------
     0 | D:1      | lepoulpe303 the Spriggan Enchanter began the quest for the
                  | Orb.
     0 | D:1      | Reached XP level 1. HP: 9/9 MP: 5/5
    67 | D:1      | Identified a +0 club
   119 | D:1      | Identified a +0 dagger
   321 | D:1      | Reached skill level 3 in Spellcasting
   338 | D:1      | Identified a +0 club
   343 | D:1      | Reached XP level 2. HP: 12/13 MP: 7/7
   347 | D:1      | Reached skill level 4 in Hexes
   351 | D:1      | Learned a level 2 spell: Ensorcelled Hibernation
  1124 | D:2      | Reached XP level 3. HP: 16/16 MP: 9/9
  1129 | D:2      | Learned a level 3 spell: Confusing Touch
  1393 | D:2      | Identified 2 scrolls of identify
  1393 | D:2      | Identified an amulet of the acrobat (You found it on level
                  | 2 of the Dungeon)
  1773 | D:3      | Identified a +0 club
  1795 | D:3      | Reached skill level 5 in Stealth
  1796 | D:3      | Identified a +1 dagger of freezing
  1991 | D:3      | Identified a +0 dagger
  2087 | D:3      | Identified a cursed -2 dagger
  2174 | D:3      | Reached skill level 4 in Spellcasting
  2174 | D:3      | Reached XP level 4. HP: 21/21 MP: 11/11
  2256 | D:3      | Identified a +0 club
  2287 | D:3      | Found a stormy altar of Qazlal.
  2289 | D:3      | Found a hide-covered altar of Uskayaw.
  2289 | D:3      | Found a bloodstained altar of Trog.
  2291 | D:3      | Found a shimmering altar of Xom.
  2291 | D:3      | Found a sacrificial altar of Ru.
  2291 | D:3      | Found a radiant altar of Vehumet.
  2522 | D:4      | Identified a +0 spear
  2523 | D:4      | Identified a +0 halberd
  2523 | D:4      | Identified a +0 flail
  2535 | D:4      | HP: 2/21 [gnoll/+0 spear (4)]
  3016 | D:4      | Identified a +0 giant spiked club
  3016 | D:4      | Noticed an ogre
  3037 | D:4      | Killed an ogre
  3037 | D:4      | Reached skill level 5 in Hexes
  3037 | D:4      | Reached XP level 5. HP: 24/24 MP: 4/13
  3103 | D:4      | Identified a +0 rapier (You found it on level 3 of the
                  | Dungeon)
  3114 | D:4      | Reached skill level 5 in Spellcasting
  3275 | D:4      | Identified a +2 vorpal scythe
  3275 | D:4      | Identified a +0 robe
  3275 | D:4      | Noticed Sigmund
  3292 | D:4      | Identified a cursed +0 short sword
  3591 | D:4      | Found a hazy altar of Hepliaklqana.
  3591 | D:4      | Found a sparkling altar of Nemelex Xobeh.
  3597 | D:4      | HP: 4/24 [Sigmund/+2 vorpal scythe (13)]
  3600 | D:4      | Killed Sigmund
  3600 | D:4      | Reached skill level 6 in Stealth
  3600 | D:4      | Reached skill level 6 in Hexes
  3600 | D:4      | Reached XP level 6. HP: 3/28 MP: 11/15
  3605 | D:4      | Learned a level 3 spell: Tukima's Dance
  3609 | D:4      | Learned a level 3 spell: Dazzling Flash
  3944 | D:5      | Entered Level 5 of the Dungeon
  3977 | D:5      | HP: 6/28 [bullfrog zombie (4)]
  3978 | D:5      | Slain by a bullfrog zombie

Table legend:
 A = Turns spent in this place as a percentage of turns spent in the entire game.
 B = Non-inter-level travel turns spent in this place as a percentage of non-inter-level travel turns spent in the entire game.
 C = Inter-level travel turns spent in this place as a percentage of turns spent in this place.
 D = Turns resting spent in this place as a percentage of non-inter-level travel turns spent in this place.
 E = Turns spent auto-exploring this place as a percentage of non-inter-level travel turns spent in this place.
 F = Non-inter-level travel turns spent in this place divided by the number of levels of this place that you've seen.
                   A       B       C       D       E      F
               +-------+-------+-------+-------+-------+----------------------
         Total | 100.0 | 100.0 |   5.5 |  25.5 |  55.3 | 751.6
       Dungeon | 100.0 | 100.0 |   5.5 |  25.5 |  55.3 | 751.6
               +-------+-------+-------+-------+-------+----------------------

Table legend:
 A = Kills in this place as a percentage of kills in entire the game.
 B = Kills by you in this place as a percentage of kills by you in the entire game.
 C = Kills by friends in this place as a percentage of kills by friends in the entire game.
 D = Other kills in this place as a percentage of other kills in the entire game.
 E = Experience gained in this place as a percentage of experience gained in the entire game.
 F = Experience gained in this place divided by the number of levels of this place that you have seen.
                   A       B       C       D       E      F
               +-------+-------+-------+-------+-------+----------------------
         Total | 100.0 | 100.0 |   N/A |   N/A | 100.0 | 109.0
       Dungeon | 100.0 | 100.0 |   N/A |   N/A | 100.0 | 109.0
               +-------+-------+-------+-------+-------+----------------------

Skill      XL: |  1  2  3  4  5 |
---------------+----------------+-----
Spellcasting   | 3 4 5 |  5.7
Hexes          | 4 5 6 |  6.2
Stealth        | 5 6 |  6.3
Short Blades   | |  1.1
Dodging        | |  3.0

Action                   |  1- 3 |  4- 6 || total
-------------------------+-------+-------++-------
Melee: Dagger            |   161 |    68 ||   229
       Rapier            |       |    17 ||    17
Throw: Dart              |       |     3 ||     3
 Cast: Ensorcelled Hiber |     4 |     8 ||    12
       Confusing Touch   |       |     1 ||     1
  Use: Scroll            |     1 |       ||     1
 Stab: Sleeping          |    17 |     6 ||    23
       Confused          |       |     1 ||     1
  Eat: Ration            |       |     1 ||     1
Armor: Robe              |    22 |     4 ||    26
Dodge: Dodged            |   136 |    65 ||   201

Vanquished Creatures
  Sigmund (D:4)
  An ogre (D:4)
  A bullfrog skeleton (D:4)
  5 adders
  2 gnolls
  A worm (D:3)
  2 dart slugs
  A leopard gecko (D:2)
  An orc (D:4)
  3 giant cockroaches
  A hobgoblin (D:3)
  9 jackals
  7 kobolds
  8 bats
  3 frilled lizards
  5 goblins
  4 rats
55 creatures vanquished.
